 Dungeon Crawl Stone Soup version 0.31-a0-174-g85c54bcb58 (webtiles) character file.

Game seed: 15925487014237541537

317 qw the Chopper (level 6, 0/38 HPs)
             Began as a Gargoyle Fighter on June 15, 2023.
             Was an Initiate of Okawaru.
             Killed from afar by an orc wizard (6 damage)
             ... with a magic dart
             ... on level 4 of the Dungeon.
             The game lasted 00:01:35 (2287 turns).

qw the Chopper (Gargoyle Fighter)                   Turns: 2287, Time: 00:01:36

Health: 0/38       AC: 12    Str: 21    XL:     6   Next: 45%
Magic:  6/6        EV:  9    Int:  9    God:    Okawaru [......]
Gold:   111        SH:  0    Dex:  9    Spells: 5/5 levels left

rFire   . . .        Y - +1 war axe
rCold   + . .        c - +0 buckler
rNeg    + . .        p - +1 scale mail {rC+}
rPois   inf          (no helmet)
rElec   +            (no cloak)
rCorr   .            (no gloves)
SInv    .            (no boots)
Will    .....        h - amulet of reflection Stlth
                     (no ring)
HPRegen 0.26/turn    (no ring)
MPRegen 0.10/turn

%: reflection
@: confused
A: sickness immunity, AC +4, negative energy resistance 1, electricity
resistance, torment resistance 1, petrification resistance
a: Renounce Religion


You were on level 4 of the Dungeon.
You worshipped Okawaru.
Okawaru was noncommittal.
You visited 2 branches of the dungeon, and saw 5 of its levels.

You collected 111 gold pieces.


Innate Abilities, Weirdness & Mutations

You are immune to sickness and miasma.
Your stone body is resilient. (AC +4)
You are immune to poison.
You resist negative energy. (rN+)
You are resistant to electric shocks. (rElec)
You are resistant to unholy torment.
You are immune to petrification.


   Skills:
 - Level 4.0 Fighting
 + Level 5.5 Axes
 - Level 3.2 Armour
 - Level 1.0 Dodging
 - Level 3.2 Shields


You had 5 spell levels left.
You didn't know any spells.
Your spell library was empty.

Inventory:

Hand Weapons
 m - a +0 flail
 Y - a +1 war axe (weapon)
Armour
 c - a +0 buckler (worn)
 p - a +1 scale mail of cold resistance (worn)
Jewellery
 h - an amulet of reflection (around neck)
Scrolls
 a - a scroll of teleportation
 j - a scroll of identify
Potions
 d - a potion of might
 e - a potion of brilliance {unknown}
 f - a potion of cancellation {unknown}
 i - a potion of heal wounds {unknown}
 l - a potion of mutation {unknown}
 n - a potion of haste {unknown}
 o - a potion of attraction {unknown}

Dungeon Overview and Level Annotations

Branches:
Dungeon (4/15)             Temple (1/1) D:4

Altars:
Ashenzari
Dithmenos
Fedhas
Gozag
Nemelex Xobeh
Okawaru
Ru
Sif Muna
Uskayaw
Wu Jian
Yredelemnul
The Shining One


Message History

Enter note: You now have 111 gold pieces (gained 11). 2 gnolls come into view.
The gnoll shouts!
You hear a shout! x2
An orc wizard comes into view.
It is wielding a +0 dagger of electrocution.
Enter note:
Enter note: 2 gnolls come into view.
The gnoll shouts! x2
Enter note:
Enter note: An orc comes into view. It is wielding a +0 trident.
Enter note:
Enter note: An ogre and an orc wizard come into view.
The orc wizard is wielding a +2 dagger of pain.
The ogre shouts!
The gnoll hits you but does no damage. x2
An orc comes into view. It is wielding a +0 whip.
Enter note:
Enter note: You closely miss the gnoll.
You slash the gnoll!
The gnoll hits you from afar with a +0 spear.
The gnoll hits you with a +0 club.
The orc wizard points at you and mumbles some strange words.
You are confused.
The gnoll hits you from afar with a +0 halberd!
The gnoll hits you but does no damage. The gnoll closely misses you. x2
The gnoll hits you from afar with a +0 halberd.
The gnoll hits you with a +0 halberd! The gnoll hits you but does no damage.
The gnoll barely misses you.
The orc wizard casts a spell.
The orc wizard flickers and vanishes!
Deactivating autopickup; reactivate with Ctrl-A.
The orc wizard closely misses you. The gnoll barely misses you.
The gnoll hits you with a +0 halberd. The gnoll hits you but does no damage.
The gnoll hits you with a +0 club. The orc barely misses you.
The orc wizard gestures at you while chanting.
The magic dart hits you.
You die...

... ....................
....................#
.....................#
.....................##
...................<..##
..............>.........
.....ogo................
...oOg.@.....#.#.#.#.#..
.....g.g####............
........# #.#.......#.(
......#.# #............
.....##.# #.#...>...#.(
###.# #.# #............
## #.# #.#.......#%# #.#
#...........#
#.#.#.#.#.#.#


You could see an ogre, an orc wizard, 4 gnolls and 2 orcs.

Vanquished Creatures
  A scorpion (D:2)
  A jelly (D:3)
  A hound (D:4)
  2 orc wizards (D:3)
  6 adders
  3 worms
  2 dart slugs (D:1)
  11 orcs (D:3)
  2 bats
  6 endoplasms
  2 giant cockroaches
  6 goblins
  3 hobgoblins (D:3)
  4 jackals (D:2)
  3 quokkas
  5 ball pythons
  3 frilled lizards
  8 kobolds
  8 rats
77 creatures vanquished.

Notes
Turn   | Place    | Note
-------+----------+-------------------------------------------
     0 | D:1      | qw the Gargoyle Fighter began the quest for the Orb.
     0 | D:1      | Reached XP level 1. HP: 14/14 MP: 1/1
     0 | D:1      | 0 ||| qw: Version: 0.2-a-29-g511e9b1
     0 | D:1      | 0 ||| qw: Game counter: 5329
     0 | D:1      | 0 ||| qw: Always use a shield: true
     0 | D:1      | 0 ||| qw: God list: Okawaru
     0 | D:1      | 0 ||| qw: Allow faded altars: false
     0 | D:1      | 0 ||| qw: Do Orc after D:15 true
     0 | D:1      | 0 ||| qw: Do second Lair branch before Depths: true
     0 | D:1      | 0 ||| qw: Lair rune preference: random
     0 | D:1      | 0 ||| qw: Plans: Normal, Zot:1-4, Slime:5, God:TSO, Crypt,
                  | Tomb, Abyss, Pan, Hells, Win
     0 | D:1      | 0 ||| PLANNING D:1-11
    36 | D:1      | Reached skill level 2 in Axes
   112 | D:1      | 112 ||| Stepping ~*~*~tactically~*~*~ (hiding).
   118 | D:1      | Reached XP level 2. HP: 13/19 MP: 2/2
   373 | D:1      | 373 ||| FLEEEEING.
   374 | D:1      | 374 ||| FLEEEEING.
   389 | D:1      | 389 ||| Stepping ~*~*~tactically~*~*~ (hiding).
   390 | D:1      | 390 ||| Stepping ~*~*~tactically~*~*~ (hiding).
   555 | D:1      | Found a faded altar of an unknown god.
   617 | D:1      | 617 ||| DROPPING +1 ring mail of poison resistance.
   618 | D:1      | 618 ||| READING 3 scrolls labelled ASUKHEEQE.
   719 | D:1      | 719 ||| READING scroll labelled OMINIHAPHO.
   720 | D:1      | 720 ||| DROPPING 2 scrolls of silence.
   757 | D:2      | 757 ||| FLEEEEING.
   758 | D:2      | 758 ||| STAIRDANCE
   804 | D:2      | 804 ||| Stepping ~*~*~tactically~*~*~ (stealth).
   806 | D:2      | 806 ||| Stepping ~*~*~tactically~*~*~ (stealth).
   816 | D:2      | Reached skill level 3 in Axes
   824 | D:2      | Reached XP level 3. HP: 19/23 MP: 3/3
   870 | D:2      | 870 ||| Stepping ~*~*~tactically~*~*~ (stealth).
   874 | D:2      | 874 ||| Stepping ~*~*~tactically~*~*~ (stealth).
   929 | D:2      | Found a sacrificial altar of Ru.
  1040 | D:2      | 1040 ||| FLEEEEING.
  1069 | D:2      | 1069 ||| Stepping ~*~*~tactically~*~*~ (stealth).
  1070 | D:2      | 1070 ||| Stepping ~*~*~tactically~*~*~ (stealth).
  1145 | D:2      | Reached XP level 4. HP: 28/28 MP: 4/4
  1330 | D:2      | 1330 ||| READING scroll labelled LAUSCH QEFIUCO.
  1331 | D:2      | 1331 ||| READING scroll labelled JAPSAM LIWALE.
  1354 | D:3      | Noticed a scorpion
  1357 | D:3      | 1357 ||| STAIRDANCE
  1364 | D:2      | Killed a scorpion
  1365 | D:2      | Reached skill level 4 in Axes
  1365 | D:2      | Reached XP level 5. HP: 23/32 MP: 5/5
  1422 | D:3      | 1422 ||| Stepping ~*~*~tactically~*~*~ (stealth).
  1425 | D:3      | 1425 ||| Stepping ~*~*~tactically~*~*~ (hiding).
  1440 | D:3      | 1440 ||| Stepping ~*~*~tactically~*~*~ (stealth).
  1441 | D:3      | 1441 ||| DROPPING +0 club.
  1472 | D:3      | Reached skill level 5 in Axes
  1478 | D:3      | 1478 ||| FLEEEEING.
  1479 | D:3      | 1479 ||| FLEEEEING.
  1480 | D:3      | 1480 ||| FLEEEEING.
  1481 | D:3      | 1481 ||| FLEEEEING.
  1600 | D:3      | 1600 ||| FLEEEEING.
  1642 | D:3      | Reached skill level 1 in Dodging
  1642 | D:3      | Reached XP level 6. HP: 34/38 MP: 6/6
  1847 | D:3      | Found an opulent altar of Gozag.
  1847 | D:3      | Found a broken altar of Ashenzari.
  1849 | D:3      | 1849 ||| UPGRADING to +1 scale mail of cold resistance.
  1859 | D:3      | 1859 ||| DROPPING +0 scale mail.
  1865 | D:3      | 1865 ||| UPGRADING to amulet of reflection.
  1870 | D:3      | 1870 ||| READING 2 scrolls labelled IREMINUNNO.
  1928 | D:3      | Found a blossoming altar of Fedhas.
  2041 | D:3      | 2041 ||| DROPPING ring of wizardry.
  2042 | D:3      | 2042 ||| READING scroll labelled IDWAHE RIAL.
  2043 | D:3      | 2043 ||| READING scroll labelled IGEMEU MYGRA.
  2044 | D:3      | 2044 ||| READING scroll labelled SORUMY SIUPI.
  2047 | D:3      | 2047 ||| READING 2 scrolls of identify.
  2047 | D:3      | 2047 ||| IDENTIFYING fizzy golden potion
  2048 | D:3      | 2048 ||| DROPPING potion of berserk rage.
  2049 | D:3      | 2049 ||| DROPPING scroll of fog.
  2135 | D:4      | Found a staircase to the Ecumenical Temple.
  2136 | D:4      | 2136 ||| PLANNING TEMPLE
  2190 | Temple   | Entered the Ecumenical Temple
  2191 | Temple   | 2191 ||| PLANNING OKAWARU WORSHIP
  2240 | Temple   | Became a worshipper of Warmaster Okawaru
  2241 | Temple   | 2241 ||| PLANNING D:1-11
  2287 | D:4      | HP: 7/38 [gnoll/+0 halberd (3)]
  2287 | D:4      | Killed from afar by an orc wizard

Levels and vault maps discovered:
D:1:      dpeg_arrival_shrine, layout_rooms,
          hellmonk_ecumenical_altar_leap_of_faith
D:2:      layout_basic, basic_altar
D:3:      layout_rooms, overflow_temple_1_default, jmf_multi_god_temple
D:4:      layout_cave_pods, tgw_xom, overflow_temple_1_default,
          minmay_temple_entry_glass
Temple:   nicolae_temple_cloud_nine

Skill      XL: |  1  2  3  4  5 |
---------------+----------------+-----
Axes           | 2 3 4 5 |  5.5
Fighting       | 4 |  4.0
Dodging        | 1 |  1.0
Armour         | |  3.2
Shields        | |  3.2

Action                     |  1- 3 |  4- 6 || total
---------------------------+-------+-------++-------
  Melee: War axe           |    92 |   120 ||   212
  Throw: Boomerang         |     5 |       ||     5
    Use: Scroll            |     2 |     7 ||     9
 Armour: Scale mail        |    59 |    52 ||   111
  Dodge: Dodged            |    38 |    49 ||    87
  Block: Buckler           |    13 |    34 ||    47

Table legend:
 A = Non-vault XP
 B = Vault XP
 C = Vault XP percentage of total XP
 D = Non-vault monster count
 E = Vault monster count
 F = Vault count percentage of total count
                 A         B        C        D         E       F
            +---------+---------+-------+---------+---------+-------
      Total |     438 |      16 |   3.5 |      75 |       2 |   2.6
            +---------+---------+-------+---------+---------+-------
        D:1 |      25 |       0 |   0.0 |      14 |       0 |   0.0
        D:2 |     142 |       0 |   0.0 |      26 |       0 |   0.0
        D:3 |     199 |      16 |   7.4 |      30 |       2 |   6.2
        D:4 |      72 |       0 |   0.0 |       5 |       0 |   0.0
            +---------+---------+-------+---------+---------+-------
